 Dungeon Crawl Stone Soup version 0.18.1-8-gdd0e5ea (webtiles) character file.

67 Lathuz the Conjurer (level 3, 19/19 HPs)
             Began as a Deep Elf Conjurer on May 26, 2016.
             Quit the game on level 2 of the Dungeon on May 28, 2016.
             The game lasted 00:04:17 (1461 turns).

Lathuz the Conjurer (Deep Elf Conjurer)             Turns: 1461, Time: 00:04:18

Health: 19/19      AC:  2    Str:  5    XL:     3   Next: 98%
Magic:  9/9        EV: 13    Int: 20    God:
Gold:   55         SH:  0    Dex: 15    Spells: 2 memorised, 5 levels left

rFire  . . .     SeeInvis .     p - +0 dagger
rCold  . . .     Gourm    .     a - +0 robe
rNeg   . . .     Faith    .     (no shield)
rPois  .         Spirit   .     (no helmet)
rElec  .         Dismiss  .     (no cloak)
rCorr  .         Reflect  .     (no gloves)
SustAt .         Harm     .     (no boots)
MR     .....                    (no amulet)
Stlth  ++........               (no ring)
                                (no ring)

@: not resistant to hostile enchantments, unstealthy
A: no striking features
a: no special abilities


You were on level 2 of the Dungeon.
You were hungry.

You visited 1 branch of the dungeon, and saw 2 of its levels.

You collected 55 gold pieces.

Inventory:

Hand Weapons
 p - a +0 dagger (weapon)
Missiles
 l - 30 stones (quivered)
Armour
 a - a +0 robe (worn)
Scrolls
 d - 3 scrolls of identify {unknown}
 g - a scroll of enchant weapon {unknown}
 i - a scroll of remove curse {unknown}
 n - a scroll of noise {unknown}
Potions
 e - a potion of magic {unknown}
 j - a potion of mutation {unknown}
 k - a potion of cure mutation {unknown}
 m - 2 potions of flight {unknown}
 q - a potion of heal wounds {unknown}
Books
 b - a book of Conjurations

   Spells                             Type                      Level
   a - Magic Dart                     Conjuration                  1
   b - Searing Ray                    Conjuration                  2
   c - Dazzling Spray                 Conjuration/Hexes            3
   d - Fulminant Prism                Conjuration/Hexes            4
   e - Iskenderun's Mystic Blast      Conjuration                  4
   f - Iskenderun's Battlesphere      Conjuration/Charms           5
Comestibles
 c - 2 bread rations
 f - a royal jelly
 h - a meat ration
 o - a slice of pizza
 r - a chunk of flesh


   Skills:
 - Level 2.4 Dodging
 - Level 2.4 Stealth
 - Level 3.0 Spellcasting
 + Level 6.1 Conjurations


You had 5 spell levels left.
You knew the following spells:

 Your Spells              Type           Power        Failure   Level  Hunger
a - Magic Dart            Conj           ####         1%          1    None
b - Searing Ray           Conj           ####..       1%          2    ##.....


Dungeon Overview and Level Annotations

Branches:
Dungeon (2/15)

Altars:
Gozag
Nemelex Xobeh


Message History

You don't know that spell.
A giant newt comes into view.
A giant newt is nearby!
A giant newt is nearby!
Casting: Magic Dart
Confirm with . or Enter, or press ? or * to list all spells.
Aiming: Magic Dart
Press: ? - help, Shift-Dir - straight line, f - giant newt
Aim: a giant newt The magic dart hits the giant newt.
You kill the giant newt!
You see here a giant newt corpse.
You butcher the giant newt corpse.
r - a chunk of flesh Saving game... please wait.
Welcome back, Lathuz the Deep Elf Conjurer.
Press ? for a list of commands and other information.
Quiver which item? (- for none, * to show all) (? for menu, Esc to quit)
Okay, then.
Are you sure you want to abandon this character and quit the game? (Confirm with "yes".)

#..........#....#######..... ##
##............### #......... .###
#............# #......... )..#
#............# #......... ...#
#............# #...<.....
...####.......÷....# #.........
...............<.÷.# #.........
...................#####.........
................@............>...
...........##..).......##########
...........##.....####.......#
...........######## #.......#
...........# #....)..###
##.######### #.......÷.#
#.......#.# #.####'##.#
#.........#


There were no monsters in sight!

Vanquished Creatures
  2 adders (D:2)
  An ooze (D:2)
  2 worms (D:2)
  A giant gecko (D:2)
  5 goblins
  6 hobgoblins
  4 jackals (D:1)
  2 kobolds (D:1)
  2 ball pythons (D:1)
  5 bats
  4 giant newts
  A rat (D:2)
35 creatures vanquished.

Notes
Turn   | Place    | Note
--------------------------------------------------------------
     0 | D:1      | Lathuz the Deep Elf Conjurer began the quest for the Orb.
     0 | D:1      | Reached XP level 1. HP: 10/10 MP: 6/6
   282 | D:1      | Reached XP level 2. HP: 15/15 MP: 5/8
   322 | D:1      | Reached skill level 5 in Conjurations
   838 | D:2      | Reached XP level 3. HP: 19/19 MP: 4/9
  1111 | D:2      | Learned a level 2 spell: Searing Ray
  1143 | D:2      | Reached skill level 6 in Conjurations
  1413 | D:2      | Found an opulent altar of Gozag.
  1414 | D:2      | Found a sparkling altar of Nemelex Xobeh.
  1461 | D:2      | Quit the game

Skill      XL: |  1  2  3 |
---------------+----------+-----
Conjurations   | 5 6 |  6.1
Dodging        | |  2.4
Stealth        | |  2.4
Spellcasting   | |  3.0

Action                   || total
-------------------------++-------
Melee: Unarmed           ||     6
 Cast: Magic Dart        ||    61
       Searing Ray       ||     1
  Eat: Chunk             ||     1
Armor: Robe              ||     1
Dodge: Dodged            ||     5
